 Dungeon Crawl Stone Soup version 0.30.1-11-g7821555f0a (webtiles) character file.

Game seed: 991841796504138636

7135 Cheops the Impaler (level 11, -1/80 (86) HPs)
             Began as a Merfolk Gladiator on Nov 21, 2023.
             Was an Elder of Makhleb.
             Slain by a wight
             ... wielding a +5 trident
              (7 damage)
             ... on level 9 of the Dungeon.
             The game lasted 00:35:01 (8665 turns).

Cheops the Impaler (Merfolk Gladiator)              Turns: 8665, Time: 00:35:01

HP:   -1/80 (86)    AC: 11    Str: 16    XL:     11   Next: 10%
MP:   15/15         EV: 11    Int:  7    God:    Makhleb [****..]
Gold: 95            SH:  0    Dex: 17    Spells: 10/10 levels left

rFire   + . .        a - +7 trident "Lifebane" {freeze, rCorr Int-2 SInv}
rCold   . . .        (no shield)
rNeg    . . .        s - +0 scale mail of Wutomag {rElec rF+ SInv}
rPois   .            G - +0 helmet
rElec   +            (no cloak)
rCorr   +            (no gloves)
SInv    +            (no boots)
Will    .....        r - amulet of regeneration Stlth
                     y - +4 ring of protection
HPRegen 1.13/turn    A - ring of wizardry
MPRegen 0.14/turn

%: wizardry (x1)
@: drained
A: (nimble swimmer 2), mertail
a: Renounce Religion, Minor Destruction, Lesser Servant of Makhleb, Major
Destruction


You were on level 9 of the Dungeon.
You worshipped Makhleb.
Makhleb was greatly pleased with you.
You visited 2 branches of the dungeon, and saw 10 of its levels.

You collected 396 gold pieces.
You spent 301 gold pieces at shops.

Inventory:

Hand Weapons
 a - the +7 trident "Lifebane" (weapon) {freeze, rCorr Int-2 SInv}
   (You found it on level 4 of the Dungeon)

   Int:       It affects your intelligence (-2).
   SInv:      It lets you see invisible.
   rCorr:     It protects you from acid and corrosion.
 b - a +0 spectral trident
 c - a +1 hand axe of flaming
 d - a +2 vampiric glaive
 F - the +4 quarterstaff "Jellybane" {speed, rN+ Str+6 Int-2}
   (You took it off an iron imp on level 4 of the Dungeon)

   Str:       It affects your strength (+6).
   Int:       It affects your intelligence (-2).
   rN:        It protects you from negative energy.
 O - a +0 trident of freezing
 P - the +2 trident of Growth {flame, Str+2}
   (You bought it in a shop on level 2 of the Dungeon)

   Str:       It affects your strength (+2).
Missiles
 e - 5 javelins
 I - 5 throwing nets (quivered)
Armour
 s - the +0 scale mail of Wutomag (worn) {rElec rF+ SInv}
   (You found it on level 2 of the Dungeon)

   rF:        It protects you from fire.
   rElec:     It insulates you from electricity.
   SInv:      It lets you see invisible.
 C - a +2 leather armour of fire resistance
 G - a +0 helmet (worn)
 H - a +0 leather armour of poison resistance
 J - +0 steam dragon scales
 M - a +1 helmet
Magical Staves
 n - a staff of poison
 N - a staff of conjuration
Jewellery
 r - an amulet of regeneration (around neck)
 y - a +4 ring of protection (left hand)
 A - a ring of wizardry (right hand)
 E - an amulet of magic regeneration
Wands
 D - a wand of charming (26)
 S - a wand of iceblast (1)
Scrolls
 g - a scroll of fear
 j - 7 scrolls of teleportation {unknown}
 k - 5 scrolls of fog {unknown}
 l - 3 scrolls of immolation
 q - a scroll of poison
 t - a scroll of vulnerability
 u - 3 scrolls of enchant weapon {unknown}
 x - 2 scrolls of magic mapping
 z - a scroll of blinking
 B - a scroll of summoning
 L - a scroll of silence
 Q - a scroll of noise {unknown}
 R - a scroll of enchant armour {unknown}
Potions
 f - 4 potions of attraction {unknown}
 h - 2 potions of heal wounds {unknown}
 i - 2 potions of cancellation
 m - 4 potions of curing {unknown}
 o - 2 potions of lignification {unknown}
 p - 4 potions of brilliance {unknown}
 v - a potion of mutation {unknown}
 w - 2 potions of ambrosia {unknown}
 K - a potion of degeneration {unknown}


   Skills:
 - Level 8.0 Fighting
 + Level 18.2 Polearms
 - Level 2.0 Throwing
 - Level 4.0 Dodging
 - Level 6.0 Invocations


You had 10 spell levels left.
You didn't know any spells.
Your spell library contained the following spells:

 Spells                   Type           Power      Damage    Failure   Level
 Cigotuvi's Dreadful Rot  Necr/Pois/Air  0%         N/A       69%         2
 Dazzling Flash           Conj/Hex       0%         N/A       88%         3
 Inner Flame              Hex/Fire       0%         N/A       88%         3
 Volatile Blastmotes      Fire/Tloc      0%         2d10      88%         3
 Dispel Undead            Necr           0%         3d6       99%         4
 Flame Wave               Conj/Fire      0%         2d4       99%         4
 Iskenderun's Mystic Bla  Conj/Tloc      0%         2d3       99%         4
 Manifold Assault         Tloc           0%         N/A       99%         4
 Sticky Flame             Conj/Fire      0%         2d3       99%         4
 Death Channel            Necr           0%         N/A       100%        6
 Dispersal                Tloc           0%         N/A       100%        6
 Starburst                Conj/Fire      0%         6d3       100%        6
 Disjunction              Tloc           0%         N/A       100%        8


Dungeon Overview and Level Annotations

Branches:
Dungeon (9/15)             Temple (1/1) D:5            Lair (0/5) D:8
    Orc: D:9-12

Altars:
Ashenzari
Cheibriados
Elyvilon
Fedhas
Gozag
Hepliaklqana
Kikubaaqudgha
Makhleb
Nemelex Xobeh
Qazlal
Ru
Sif Muna
Trog
Uskayaw
Vehumet
Wu Jian
Xom
Yredelemnul
Zin

Shops:
D:2 ((?   D:8 =

Portals:
Abyss: D:4


Innate Abilities, Weirdness & Mutations

((You are very nimble when in or above water. (Stealth+, EV+, Speed+++)))
Your lower body shifts to a powerful aquatic tail in water.


Message History

The wight hits you from afar with a +5 trident.
* * * LOW HITPOINT WARNING * * *
You feel drained.
* * * LOW HITPOINT WARNING * * *
The wight closely misses you. The yak gores you!
* * * LOW HITPOINT WARNING * * *
You puncture the yak! You freeze the yak.
You kill the yak!
Makhleb accepts your kill.
You feel better.
You swing at nothing.
The wight hits you from afar with a +5 trident.
* * * LOW HITPOINT WARNING * * *
The wight hits you from afar with a +4 halberd.
* * * LOW HITPOINT WARNING * * *
You feel drained.
* * * LOW HITPOINT WARNING * * *
You hit the yak. You freeze the yak.
The yak is lightly wounded.
You puncture the yak! You freeze the yak. Your punch misses the yak.
The yak is heavily wounded.
The wight hits you from afar with a +5 trident.
* * * LOW HITPOINT WARNING * * *
The wight closely misses you. The yak gores you!
* * * LOW HITPOINT WARNING * * *
You hit the yak but do no damage.
The yak is heavily wounded.
The wight hits you from afar with a +5 trident!
* * * LOW HITPOINT WARNING * * *
You feel drained.
* * * LOW HITPOINT WARNING * * *
The wight barely misses you. The yak gores you.
* * * LOW HITPOINT WARNING * * *
You hit the yak. You freeze the yak.
The yak is severely wounded.
You puncture the yak! You freeze the yak.
You kill the yak!
Makhleb accepts your kill.
The wight hits you from afar with a +5 trident!
You die...

#.###.#
#.#......# #.##
#.## #.###.....
#..# ..## #.#
##.... ##.## ..#
#.# ##....
##.###..## #.#
#.....
#.......####.#
#.#...
###..........##
#.##..
###.....).....#
#. ##.
........@##...#
## ##
.........#)......
....#####.zz.....
...# ........ ...
........ ..
........ ........
.......


You could see 2 wights.

Vanquished Creatures
  Maggie (D:7)
  Prince Ribbit (D:7)
  A hornet (D:5)
  The ghost of BrewmasterC the Insei, an amateur OpTm (D:4)
  A wyvern (D:7)
  8 yaks
  2 steam dragons
  Duvessa (D:4)
  5 water moccasins
  An orc warrior (D:8)
  An ice beast (D:7)
  4 black bears
  A sky beast (D:7)
  2 ogres (D:5)
  2 centaurs
  5 kobold brigands
  5 bullfrogs
  3 gnoll sergeants
  6 scorpions
  2 wights (D:9)
  Dowan (D:4)
  13 killer bees
  2 gnoll boudas
  5 orc priests
  2 hounds
  2 iron imps
  Natasha (thrice) (D:4)
  Terence (D:2)
  5 iguanas
  8 orc wizards
  21 gnolls
  8 adders
  2 shadow imps (D:4)
  2 white imps (D:6)
  An ufetubus (D:5)
  2 worms (D:3)
  3 dart slugs
  30 orcs
  5 endoplasms
  5 giant cockroaches
  6 goblins
  7 hobgoblins
  5 jackals (D:4)
  5 quokkas
  5 ball pythons
  4 bats
  3 frilled lizards
  26 kobolds
  6 rats
241 creatures vanquished.

Vanquished Creatures (collateral kills)
  A sky beast (D:7)
  A killer bee (D:7)
  2 orc priests (D:7)
  An orc wizard (D:7)
  2 orcs (D:7)
7 creatures vanquished.

Vanquished Creatures (others)
  2 killer bees (D:7)
  A gnoll bouda (D:8)
  2 gnolls (D:8)
5 creatures vanquished.

Grand Total: 253 creatures vanquished

Notes
Turn   | Place    | Note
-------+----------+-------------------------------------------
     0 | D:1      | Cheops the Merfolk Gladiator began the quest for the Orb.
     0 | D:1      | Reached XP level 1. HP: 16/16 MP: 1/1
   179 | D:1      | Reached XP level 2. HP: 21/22 MP: 2/2
   332 | D:1      | Reached skill level 5 in Polearms
   490 | D:1      | Reached XP level 3. HP: 26/27 MP: 3/3
   586 | D:1      | Found a faded altar of an unknown god.
   744 | D:2      | Found Tydemmoh's Weapon Shoppe.
   758 | D:2      | Found Yvvyemuq's Magic Scroll Boutique.
   765 | D:2      | Bought a scroll of identify for 26 gold pieces
   840 | D:2      | Noticed Terence
   854 | D:2      | Killed Terence
   855 | D:2      | Reached skill level 6 in Polearms
   855 | D:2      | Reached XP level 4. HP: 6/33 MP: 4/4
  1038 | D:2      | Found Zoseos's Antique Weapon Shoppe.
  1360 | D:2      | Identified the +0 scale mail of Wutomag {rElec rF+ SInv}
  1986 | D:3      | Reached skill level 7 in Polearms
  2100 | D:3      | Reached XP level 5. HP: 38/38 MP: 5/5
  2244 | D:3      | Found a broken altar of Ashenzari.
  2252 | D:3      | Saw a vision of the Shoals and the Spider Nest.
  2252 | D:3      | Noticed an orb spider
  2252 | D:3      | Noticed a wolf spider
  2252 | D:3      | Noticed an entropy weaver
  2252 | D:3      | Noticed a tarantella
  2252 | D:3      | Noticed a wolf spider
  2252 | D:3      | Noticed an entropy weaver
  2252 | D:3      | Noticed a demonic crawler
  2252 | D:3      | Noticed an emperor scorpion
  2252 | D:3      | Noticed a demonic crawler
  2252 | D:3      | Noticed a culicivora
  2252 | D:3      | Noticed a manticore
  2252 | D:3      | Noticed a sea snake
  2252 | D:3      | Noticed a merfolk
  2252 | D:3      | Noticed a merfolk
  2252 | D:3      | Noticed a manticore
  2252 | D:3      | Noticed a skyshark
  2252 | D:3      | Noticed a wind drake
  2252 | D:3      | Noticed a merfolk siren
  2252 | D:3      | Noticed a jumping spider
  2252 | D:3      | Noticed a jumping spider
  2253 | D:3      | Noticed an orb spider
  2253 | D:3      | Noticed a water nymph
  2253 | D:3      | Noticed a cyclops
  2253 | D:3      | Noticed a culicivora
  2254 | D:3      | Noticed a pharaoh ant
  2275 | D:3      | Reached skill level 8 in Polearms
  2778 | D:3      | Reached XP level 6. HP: 38/44 MP: 6/6
  2837 | D:4      | Noticed Natasha
  2851 | D:4      | Killed Natasha
  2864 | D:4      | Noticed BrewmasterC's ghost (amateur OpTm)
  2901 | D:4      | Found a transporter.
  2913 | D:4      | Noticed Duvessa
  2917 | D:4      | Found a transporter.
  2920 | D:4      | Noticed Dowan
  2932 | D:4      | Killed Duvessa
  2933 | D:4      | Reached skill level 9 in Polearms
  2941 | D:4      | Killed Dowan
  3003 | D:4      | Identified the +4 quarterstaff "Jellybane" {speed, rN+
                  | Str+6 Int-2}
  3004 | D:4      | Found a one-way gate to the infinite horrors of the Abyss.
  3068 | D:4      | Noticed Natasha
  3075 | D:4      | Killed Natasha
  3076 | D:4      | Reached skill level 10 in Polearms
  3076 | D:4      | Reached XP level 7. HP: 45/50 MP: 7/7
  3288 | D:4      | Noticed Natasha
  3308 | D:4      | Killed Natasha
  3665 | D:5      | Entered Level 5 of the Dungeon
  3801 | D:5      | Reached skill level 11 in Polearms
  3901 | D:5      | Noticed a hornet
  4058 | D:5      | Found a staircase to the Ecumenical Temple.
  4093 | D:5      | Killed a hornet
  4094 | D:5      | Reached skill level 12 in Polearms
  4094 | D:5      | Reached XP level 8. HP: 18/56 MP: 8/8
  4459 | D:5      | Found a bloodstained altar of Trog.
  4589 | D:5      | Reached skill level 13 in Polearms
  4842 | Temple   | Entered the Ecumenical Temple
  4939 | Temple   | Became a worshipper of Makhleb the Destroyer
  5139 | D:6      | Reached skill level 14 in Polearms
  5142 | D:6      | Reached skill level 1 in Invocations
  5222 | D:6      | Reached XP level 9. HP: 61/61 MP: 10/12
  5617 | D:6      | Reached skill level 5 in Invocations
  5851 | D:7      | Noticed Prince Ribbit
  5884 | D:7      | Killed Prince Ribbit
  5957 | D:7      | Reached * piety under Makhleb
  6025 | D:7      | Reached skill level 5 in Fighting
  6060 | D:7      | Noticed Maggie
  6226 | D:7      | Killed Maggie
  6477 | D:7      | Reached XP level 10. HP: 78/80 MP: 14/14
  6631 | D:8      | Found Hofy's Jewellery Shoppe.
  6636 | D:8      | Reached ** piety under Makhleb
  6807 | D:8      | Reached skill level 15 in Polearms
  7101 | D:8      | Reached skill level 16 in Polearms
  7159 | D:8      | Found a staircase to the Lair.
  7171 | D:8      | Reached *** piety under Makhleb
  7650 | D:2      | Bought the +2 trident of Growth {flame, Str+2} for 275 gold
                  | pieces
  7716 | D:4      | Killed BrewmasterC's ghost
  7751 | D:4      | Identified the +7 trident "Lifebane" {freeze, rCorr Int-2
                  | SInv}
  7944 | D:9      | Reached skill level 17 in Polearms
  8275 | D:9      | Found a shimmering altar of Xom.
  8308 | D:9      | Found a shimmering altar of Xom.
  8314 | D:9      | Found a shimmering altar of Xom.
  8314 | D:9      | Found a shimmering altar of Xom.
  8377 | D:9      | Found a snail-covered altar of Cheibriados.
  8429 | D:9      | Reached XP level 11. HP: 84/86 MP: 15/15
  8446 | D:9      | Found a glowing silver altar of Zin.
  8456 | D:9      | Reached **** piety under Makhleb
  8645 | D:9      | Reached skill level 18 in Polearms
  8665 | D:9      | Slain by a wight

Illustrated notes

Levels and vault maps discovered:
D:1:      elethiomel_arrival_shortcut, layout_loops_cross,
          dreamdust_ecumenical_altar_angels_and_demons
D:2:      layout_basic, serial_shops, shop, shop, shop, uniq_terence
D:3:      corexii_shack_village, layout_loops_ring, grunt_ashenzari_visionary
          [grunt_ashenzari_visionary_shoals, grunt_ashenzari_visionary_spider]
D:4:      layout_loops_ring, gammafunk_ghost_abyssal_escape,
          chequers_serial_rivers_room_b, uniq_natasha, uniq_duvessa
D:5:      layout_rooms, mainiacjoe_overflow_cross_hatched,
          minmay_temple_entry_statues_fountains, serial_rivers,
          chequers_serial_rivers_large_b, chequers_serial_rivers_micro_c,
          chequers_serial_rivers_room_b, chequers_serial_rivers_marsh,
          chequers_serial_rivers_small_3
D:6:      layout_loops_ring
D:7:      layout_loops_cross, uniq_maggie, uniq_prince_ribbit1
D:8:      layout_loops_ring, due_lair_maze_entry_diamond, serial_shops,
          shop_statue
D:9:      layout_layer_cave, xom_redecorated, chei_slow_surprise, zin_academy
Temple:   jpeg_temple_clearing

Skill      XL: |  1  2  3  4  5  6  7  8  9 10 11 |
---------------+----------------------------------+-----
Polearms       | 5 6 7 8 10 12 14 17 18 | 18.2
Invocations    | 4 6 |  6.0
Fighting       | 8 |  8.0
Throwing       | |  2.0
Dodging        | |  4.0

Action                     |  1- 3 |  4- 6 |  7- 9 | 10-12 || total
---------------------------+-------+-------+-------+-------++-------
  Melee: Trident           |    75 |   195 |   382 |   286 ||   938
         Punch             |     1 |       |     7 |       ||     8
  Evoke: Wand              |       |       |     4 |       ||     4
    Use: Potion            |     2 |     1 |       |       ||     3
         Scroll            |       |     3 |     3 |     4 ||    10
   Stab: Sleeping          |     3 |       |       |       ||     3
         Distracted        |       |       |     1 |     2 ||     3
 Armour: Leather armour    |    11 |     6 |       |       ||    17
         Scale mail        |       |    36 |    87 |    66 ||   189
  Dodge: Dodged            |    33 |    84 |   139 |    93 ||   349
